Map: Lerilak Crest

Players

CutUrRibbon - Winner!

  • Race: Zerg Zerg
  • League: Grandmaster

IllIIllIlIlI

  • Race: Protoss Protoss
  • League: Master

VOD

Have the link to the VOD?

Description

Sends probe to base correct base on 4-player map. Rallys probe to base to where it'd get spotted by an overlord and then rerallys it to wait and maek sure it's not before trying to cannon rush. Accuses me of maphacking before leaving.

Time

  • Played on: Jan. 3, 2016, 8:11 a.m.
  • Length: 1:31
Show
View Real Time Build Order
Export as new Build Order

CutUrRibbon Zerg - Winner!

Build Orders: Hatch First 

Get SALT Encoding   

  12  0:02  Drone  
  13  0:13  Overlord  
  13  0:17  Drone  
  14  0:31  Drone x2  
  16  0:36  Drone  
  17  0:51  Drone  
  18  0:58  Drone  
  18  0:59  Hatchery  
  18  1:10  Drone  
  19  1:25  Spawning Pool  
Show
View Real Time Build Order
Export as new Build Order

IllIIllIlIlI Protoss 

Build Orders:  

Get SALT Encoding   

  12  0:01  Probe (Chrono Boost)  
  13  0:11  Probe (Chrono Boost)  
  14  0:17  Pylon  
  14  0:23  Probe (Chrono Boost)  
  15  0:35  Probe (Chrono Boost)  
  16  0:41  Forge  
  16  0:46  Probe (Chrono Boost)  
  17  0:57  Probe (Chrono Boost)  
  17  1:03  Pylon  
  19  1:11  Probe (Chrono Boost), Gateway  
  19  1:16  Assimilator  
Tags
 
Add a new tag
Caveats
  • Supply blocks, unpowered buildings, or Contaminate may cause inaccurate times.
  • Supply counts are checked every 10 seconds.